 Dungeon Crawl Stone Soup version 0.28.0-1-gb440e238dd (webtiles) character file.

Game seed: 11094467986858664083

2692 Acheron the Sneak (level 9, -1/44 HPs)
             Began as a Vine Stalker Transmuter on Feb 19, 2022.
             Was an Initiate of Yredelemnul.
             Slain by a seven-headed hydra (5 damage)
             ... on level 4 of the Lair of Beasts.
             The game lasted 01:01:16 (6126 turns).

Acheron the Sneak (Vine Stalker Transmuter)         Turns: 6126, Time: 01:01:32

Health: -1/44      AC:  4    Str: 12    XL:     9   Next: 65%
Magic:  0/16       EV: 12    Int: 17    God:    Yredelemnul [......]
Gold:   129        SH:  5    Dex: 18    Spells: 5/17 levels left

rFire   . . .      SeeInvis +   p - +3 rapier (protect)
rCold   + . .      Faith    .   i - +0 buckler
rNeg    . . .      Spirit   +   f - +0 leather armour
rPois   .          Reflect  .   (no helmet)
rElec   .          Harm     .   s - +0 cloak
rCorr   .          Rampage  .   (no gloves)
Will    +....                   (no boots)
Stlth   +++.......              (no amulet)
HPRegen 0.94/turn               o - ring of see invisible
MPRegen 0.15/turn               r - ring "Uzygiqa" {rC+ Dex+2}

@: slowed, very slow
A: fangs 3, regeneration 1, magic shield, antimagic bite, no potion heal 2
a: Renounce Religion, Recall Undead Harvest


You were on level 4 of the Lair of Beasts.
You worshipped Yredelemnul.
Yredelemnul was noncommittal.
You visited 2 branches of the dungeon, and saw 17 of its levels.
You also visited: Bailey.

You collected 246 gold pieces.
You spent 117 gold pieces at shops.

Inventory:

Hand Weapons
 e - a +0 long sword of draining
 g - a +0 dagger of speed
 p - a +3 rapier of protection (weapon)
 t - a +3 vorpal flail
 u - a +0 war axe
Missiles
 h - 5 datura-tipped darts
 l - 104 stones
Armour
 f - a +0 leather armour (worn)
 i - a +0 buckler (worn)
 m - a +0 pair of gloves
 n - a +0 ring mail
 s - a +0 cloak (worn)
Jewellery
 k - a +6 ring of dexterity
 o - a ring of see invisible (left hand)
 q - a ring of protection from fire
 r - the ring "Uzygiqa" (right hand) {rC+ Dex+2}
   (You acquired it on level 12 of the Dungeon)

   [ring of protection from cold]

   Dex:       It affects your dexterity (+2).
   rC:        It protects you from cold.
 w - a ring of flight
Wands
 c - a wand of digging (4)
 v - a wand of iceblast (6)
 x - a wand of flame (5)
Scrolls
 d - 2 scrolls of brand weapon
 j - a scroll of magic mapping
Potions
 a - 5 potions of curing
 b - a potion of invisibility


   Skills:
 * Level 3.1 Fighting
 * Level 4.3 Short Blades
 + Level 0.7(2.7) Long Blades
 * Level 2.6 Throwing
 * Level 3.0 Armour
 * Level 3.4 Dodging
 * Level 4.6 Stealth
 * Level 2.1 Shields
 + Level 3.4 Unarmed Combat
 * Level 4.5 Spellcasting
 * Level 3.0 Hexes
 * Level 1.2 Translocations
 * Level 4.0 Transmutations
 * Level 2.9 Invocations
 * Level 2.2 Evocations


You had 5 spell levels left.
You knew the following spells:

 Your Spells              Type           Power      Damage    Failure   Level
a - Beastly Appendage     Tmut           34%        N/A       4%          1
b - Wereblood             Tmut           17%        N/A       8%          2
c - Slow                  Hex            56%        N/A       8%          1
d - Confusing Touch       Hex            14%        N/A       22%         3
e - Sublimation of Blood  Necr           3%         N/A       36%         2
f - Portal Projectile     Hex/Tloc       22%        N/A       32%         3

Your spell library contained the following spells:

 Spells                   Type           Power      Damage    Failure   Level
 Spider Form              Tmut/Pois      10%        N/A       32%         3
 Call Canine Familiar     Summ           3%         N/A       61%         3
 Ice Form                 Ice/Tmut       10%        N/A       73%         4
 Leda's Liquefaction      Hex/Erth       4%         N/A       80%         4
 Yara's Violent Unravell  Hex/Tmut       8%         3d5       86%         5
 Enfeeble                 Hex            7%         N/A       100%        7
 Summon Hydra             Summ           1%         N/A       100%        7


Dungeon Overview and Level Annotations

Branches:
Dungeon (13/15)            Temple (0/1) D:5            Lair (4/6) D:11
 Spider (0/4) Lair:2       Bailey (visited)
  Swamp: Lair:2-4    Shoals: Lair:2-4       Orc: D:9-12      Vaults: D:13-14

Altars:
Gozag
Qazlal
Xom
Yredelemnul

Shops:
D:1 *   D:4 [   D:7 !

Annotations:
D:3 exclusion: downstairs
D:4 Pikel
D:7 exclusion: 2 downstairs
D:9 exclusion: downstairs
D:10 exclusion: upstairs
D:11 exclusion: upstairs


Innate Abilities, Weirdness & Mutations

You have razor-sharp teeth.
Your natural rate of healing is unusually fast.
When hurt, damage is shared between your health and your magic reserves.
Your bite disrupts and absorbs the magic of your enemies.
Potions cannot restore your health.


Message History

A yak comes into view.
Your transformation is almost over.
You see here a wand of flame (5).
x - a wand of flame (5)
The bullfrog gives a loud, deep croak!
You hear a bellow! x2
A wyvern comes into view.
The yak bellows!
There is a stone staircase leading down here.
The yak closely misses you.
You climb downwards.
There is a stone staircase leading up here.
Your horns disappear.
Your talons disappear.
You flicker for a moment.
You flicker back into view.
A seven-headed hydra comes into view.
The seven-headed hydra roars!
Found a giant spiked club.
Found 19 stones.
Found 13 gold pieces.
Found a stone staircase leading down.
Found 3 poisoned darts and a potion of curing.
A torpor snail comes into view.
Being near the torpor snail leaves you feeling lethargic.
You see here a +0 giant spiked club.
You see here 19 stones.
You see here 13 gold pieces.
The seven-headed hydra bites you! The seven-headed hydra bites you.
The seven-headed hydra misses you.
You block the seven-headed hydra's attack.
The seven-headed hydra bites you!
The seven-headed hydra barely misses you.
The seven-headed hydra bites you!
There is a stone staircase leading down, spattered with blood here.
The seven-headed hydra bites you!
* * * LOW HITPOINT WARNING * * *
The seven-headed hydra bites you.
* * * LOW HITPOINT WARNING * * *
The seven-headed hydra bites you!
You die...
Your body rises from the dead as a mindless zombie.

#..#.#.#.#.#..P##
#.#.#...#.#.#.##
##.#D#.#...#..##
##...#...#.#.#..#
P#....#.....#.)######
...#.#.......#....P.#
....#...#.....(...w.##..
...#.#...#.....$D.#.....
......#.#.......@.......
...#.#.#...#.#....#(..^.
..#..D....#!........#...
.....#.#.....######## ..
..P..##.#...# . #.#. .


You could see a seven-headed hydra and a torpor snail.

Vanquished Creatures
  3 yaks (D:11)
  A steam dragon (D:7)
  A water moccasin (Lair:2)
  An orc warrior (D:11)
  4 centaurs
  A phantom (D:7)
  2 lemures (D:4)
  A kobold brigand (D:9)
  5 bullfrogs (Lair:2)
  A wyvern skeleton (D:7)
  4 centaur zombies
  A bullfrog skeleton (D:7)
  A gnoll shaman (D:7)
  3 howler monkey zombies
  4 gnolls
  2 adders
  2 white imps (D:7)
  A dart slug (D:2)
  6 orcs
  3 ball pythons
  4 bats
  2 endoplasms
  2 giant cockroaches
  6 goblins
  6 hobgoblins
  A quokka (D:1)
  5 frilled lizards
  11 kobolds
  2 rats
86 creatures vanquished.

Vanquished Creatures (collateral kills)
  An orc warrior (D:11)
  A bullfrog (Lair:2)
  A gnoll (D:7)
  2 orcs (D:11)
  2 ball pythons (D:1)
  2 bats (D:1)
  2 goblins
11 creatures vanquished.

Vanquished Creatures (others)
  A yak zombie (D:11)
  A bat zombie (D:1)
  2 gnoll zombies (D:7)
  A goblin zombie (D:4)
  2 kobold zombies (D:9)
  2 orc zombies
  10 fungi
  11 plants
30 creatures vanquished.

Grand Total: 127 creatures vanquished

Notes
Turn   | Place    | Note
-------+----------+-------------------------------------------
     0 | D:1      | Acheron the Vine Stalker Transmuter began the quest for the
                  | Orb.
     0 | D:1      | Reached XP level 1. HP: 9/9 MP: 4/4
    65 | D:1      | Found a faded altar of an unknown god.
    93 | D:1      | Reached skill level 1 in Fighting
    93 | D:1      | Reached skill level 1 in Stealth
    93 | D:1      | Reached XP level 2. HP: 7/14 MP: 1/6
   339 | D:1      | Got Plato's Catalogue of Execration
   340 | D:1      | Prayed at the altar of an unknown god.
   340 | D:1      | Became a worshipper of Yredelemnul the Dark
   340 | D:1      | Reached * piety under Yredelemnul
   438 | D:1      | Found Qypnew's Assorted Antiques.
   812 | D:1      | Learned a level 2 spell: Wereblood
   814 | D:1      | Learned a level 1 spell: Slow
   824 | D:1      | Reached XP level 3. HP: 18/18 MP: 4/7
   993 | D:1      | Reached ** piety under Yredelemnul
  2455 | D:3      | Learned a level 3 spell: Confusing Touch
  2808 | D:4      | Gained mutation: Your natural rate of healing is unusually
                  | fast. [Vine Stalker growth]
  2808 | D:4      | Reached XP level 4. HP: 22/22 MP: 8/8
  2923 | D:4      | Noticed an ogre
  2972 | D:4      | Found an opulent altar of Gozag.
  3004 | D:4      | Noticed Pikel
  3004 | D:4      | Noticed a lemure
  3004 | D:4      | Noticed a lemure
  3004 | D:4      | Noticed a lemure
  3004 | D:4      | Noticed a lemure
  3108 | D:4      | Killed a lemure
  3121 | D:4      | Killed a lemure
  3166 | D:4      | Found Vuzyigh's Antique Armour Shoppe.
  3308 | D:5      | Entered Level 5 of the Dungeon
  3308 | D:5      | Found a shimmering altar of Xom.
  3341 | D:5      | Found a staircase to the Ecumenical Temple.
  3360 | D:6      | Noticed a gnoll sergeant
  3376 | D:7      | Reached skill level 1 in Armour
  3376 | D:7      | Reached XP level 5. HP: 25/25 MP: 8/10
  3376 | D:7      | Noticed a phantom
  3443 | D:7      | Noticed a steam dragon
  3460 | D:7      | Killed a steam dragon
  3461 | D:7      | Reached skill level 1 in Short Blades
  3461 | D:7      | Reached XP level 6. HP: 29/30 MP: 9/11
  3584 | D:7      | Reached skill level 1 in Hexes
  3627 | D:7      | Reached skill level 1 in Throwing
  3627 | D:7      | Reached skill level 1 in Invocations
  3627 | D:7      | Reached XP level 7. HP: 21/35 MP: 5/12
  3741 | D:7      | Found Zegeiri's Distillery.
  3754 | D:7      | Bought a potion of curing for 39 gold pieces
  3754 | D:7      | Bought a potion of curing for 39 gold pieces
  3754 | D:7      | Bought a potion of curing for 39 gold pieces
  4121 | D:8      | Found a stormy altar of Qazlal.
  4212 | D:8      | Found a flagged portal.
  4224 | Bailey   | Entered a bailey
  4300 | D:10     | Entered Level 10 of the Dungeon
  4301 | D:10     | Noticed a two-headed ogre
  4301 | D:10     | Noticed a yak
  4302 | D:10     | Noticed a yak
  4305 | D:10     | Noticed a yak
  4404 | D:9      | Gained mutation: You have razor-sharp teeth. [Vine Stalker
                  | growth]
  4404 | D:9      | Reached XP level 8. HP: 28/39 MP: 9/14
  4483 | D:9      | Learned a level 2 spell: Sublimation of Blood
  4554 | D:9      | Noticed a two-headed ogre
  4835 | D:10     | Noticed a yak
  4837 | D:10     | Noticed a yak
  4837 | D:10     | Noticed a yak
  5052 | D:13     | Noticed a skeletal warrior
  5052 | D:13     | Noticed a skeletal warrior
  5085 | D:12     | Noticed a wraith
  5196 | D:12     | Identified a scroll of acquirement
  5196 | D:12     | Acquired the ring "Uzygiqa" {rC+ Dex+2}
  5239 | D:12     | Noticed a manticore
  5239 | D:12     | Noticed a two-headed ogre
  5291 | D:11     | Noticed a yak
  5291 | D:11     | Noticed a yak
  5298 | D:11     | Noticed a yak
  5302 | D:11     | Killed a yak
  5303 | D:11     | Reached skill level 1 in Shields
  5303 | D:11     | Reached skill level 1 in Evocations
  5308 | D:11     | Killed a yak
  5314 | D:11     | Killed a yak
  5330 | D:11     | Reached XP level 9. HP: 24/43 MP: 12/16
  5334 | D:11     | Learned a level 3 spell: Portal Projectile
  5388 | D:11     | Noticed a troll
  5694 | D:11     | Found a staircase to the Lair.
  5741 | Lair:1   | Entered Level 1 of the Lair of Beasts
  5741 | Lair:1   | Noticed a seven-headed hydra
  5766 | Lair:2   | Noticed a komodo dragon
  5825 | Lair:2   | Found a hole to the Spider Nest.
  5855 | Lair:2   | Reached skill level 1 in Translocations
  5858 | Lair:2   | Noticed an elephant
  5858 | Lair:2   | Noticed an elephant
  6102 | Lair:4   | Noticed a seven-headed hydra
  6121 | Lair:4   | Noticed a torpor snail
  6126 | Lair:4   | Slain by a seven-headed hydra

Illustrated notes

Levels and vault maps discovered:
D:1:      scummos_arrival_hexagon, layout_loops_ring,
          shapermc_ecumenical_altar_rom_forum, serial_shops, shop,
          minmay_pentomino_v4
D:2:      layout_loops_corners, small_statue_intersection
D:3:      layout_loops_ring
D:4:      layout_gridville, grunt_gozag_breadcrumbs, serial_shops, shop_statue,
          minmay_cupped, uniq_edmund, uniq_pikel
D:5:      layout_basic, brannock_xom_greatest_gift,
          minmay_temple_entry_water_ring, serial_shops, kennysheep_mini
D:6:      layout_rooms
D:7:      layout_loops_cross, serial_shops, nicolae_shop_advertising_works
          [nicolae_subvault_shop_adworks]
D:8:      black_bear_nest_2, layout_cave_pools,
          nicolae_qazlal_scattered_showers, nemelex_spade_bored_becter,
          enter_bailey_3, kennysheep_doodads, minmay_misc_feat_pillars
D:9:      layout_basic, jmf_multi_god_temple, david_orc_4, uniq_grum
D:10:     layout_layer_cave
D:11:     layout_roguey, lair_entry_dummy, uniq_maurice
D:12:     layout_cave_pods, eino_house_with_fridge
D:13:     layout_grid_maze, hangedman_vaults_entry_quadrant_bands, uniq_snorg
Lair:1:   cheibrodos_lair_river_kwai, layout_small_grid, grunt_megastairs_4
Lair:2:   layout_misc_corridors, spider_nest_entry_web_field,
          beast_lair_carwin_1, lemuel_fruit_fields, lemuel_fruit_tree
Lair:3:   layout_big_grid, infiniplex_staircase_pool, grunt_megastairs_3
Lair:4:   layout_roguey, elwin_shoals_entry_rooms, gammafunk_ghost_ooze,
          minivault_23

Skill      XL: |  1  2  3  4  5  6  7  8  9 |
---------------+----------------------------+-----
Fighting       | 1 2 3 |  3.1
Stealth        | 1 2 3 4 |  4.6
Dodging        | 2 3 |  3.4
Armour         | 1 2 3 |  3.0
Short Blades   | 1 2 3 4 |  4.3
Hexes          | 1 2 3 |  3.0
Throwing       | 1 2 |  2.6
Spellcasting   | 3 4 |  4.5
Invocations    | 1 2 |  2.9
Transmutations | 3 4 |  4.0
Shields        | 1 2 |  2.1
Evocations     | 1 2 |  2.2
Translocations | 1 |  1.2
Long Blades    | |  0.7
Unarmed Combat | |  3.4

Action                   |  1- 3 |  4- 6 |  7- 9 || total
-------------------------+-------+-------+-------++-------
Melee: Unarmed           |    12 |       |       ||    12
       Bite              |    27 |    20 |    49 ||    96
       Punch             |     4 |     3 |       ||     7
       Club              |    24 |       |       ||    24
       Kick              |    12 |    11 |    32 ||    55
       Headbutt          |     5 |     6 |    32 ||    43
       Dagger            |    45 |     1 |       ||    46
       Whip              |    26 |       |       ||    26
       Long sword        |       |    23 |       ||    23
       Rapier            |       |    42 |   126 ||   168
 Cast: Beastly Appendage |    17 |     8 |    28 ||    53
       Slow              |     3 |       |       ||     3
Invok: Recall Undead Har |     2 |     1 |       ||     3
  Use: Scroll            |     6 |     5 |     6 ||    17
       Potion            |       |       |     3 ||     3
 Stab: Sleeping          |     2 |     2 |     2 ||     6
       Distracted        |       |     1 |     2 ||     3
Armor: Robe              |    12 |       |       ||    12
       Leather armour    |    19 |    35 |    50 ||   104
Dodge: Dodged            |    75 |    68 |    85 ||   228
Block: Buckler           |       |       |    25 ||    25
